[ AOE2 MATCH · #506271970 ]
UnrankedGeorgians vs Teutons
[ REPLAY ANALYSIS · EXTRACTED FROM THE RECORDED GAME ]
Feudal
11:24
Castle
14:55
Imperial
—
| APM avg | 23.7 |
| APM peak | 72 |
| eAPM avg | 13.0 |
| Villagers / military | 80 / 2 |
Focus
⚔️ 20.9% · 🌾 79.1%
Knight ×2
Feudal
9:32
Castle
—
Imperial
—
| APM avg | 20.7 |
| APM peak | 39 |
| eAPM avg | 12.6 |
| Villagers / military | 35 / 7 |
Focus
⚔️ 30.8% · 🌾 69.2%
Spearman ×7
Feudal
11:28
Castle
16:13
Imperial
—
| APM avg | 42.8 |
| APM peak | 98 |
| eAPM avg | 16.2 |
| Villagers / military | 42 / 35 |
Focus
⚔️ 31.1% · 🌾 68.9%
Huskarl ×29 · Battering Ram ×6
Feudal
10:56
Castle
14:41
Imperial
—
| APM avg | 43.3 |
| APM peak | 73 |
| eAPM avg | 22.5 |
| Villagers / military | 43 / 20 |
Focus
⚔️ 16.6% · 🌾 83.4%
Monk ×16 · Battering Ram ×4
Feudal
11:24
Castle
—
Imperial
—
| APM avg | 24.9 |
| APM peak | 79 |
| eAPM avg | 10.8 |
| Villagers / military | 40 / 0 |
Focus
⚔️ 18.2% · 🌾 81.8%
Feudal
11:27
Castle
15:15
Imperial
—
| APM avg | 30.4 |
| APM peak | 67 |
| eAPM avg | 11.4 |
| Villagers / military | 52 / 14 |
Focus
⚔️ 11.9% · 🌾 88.1%
Knight ×10 · Scout Cavalry ×3 · Monk ×1
Feudal
10:56
Castle
14:26
Imperial
—
| APM avg | 35.8 |
| APM peak | 93 |
| eAPM avg | 13.9 |
| Villagers / military | 122 / 0 |
Focus
⚔️ 10.1% · 🌾 89.9%
Feudal
9:41
Castle
21:10
Imperial
—
| APM avg | 31.2 |
| APM peak | 79 |
| eAPM avg | 17.3 |
| Villagers / military | 77 / 11 |
Focus
⚔️ 11.7% · 🌾 88.3%
Battering Ram ×7 · Steppe Lancer ×3 · Spearman ×1
Match map
Initial resources + every placement click. Lines = walls · curves = elevation contours. ◆ gold · ⬟ stone · ● berries · ✦ relic · ◌ wall gap
Your base· ✓ Closed at 14:55 · 0t walls · 3 gate(s)
OlandsHrrant's base· ✓ Closed at 12:00 · 1t walls · 3 gate(s)
Conde Chekula's base· ✓ Closed at 16:13 · 0t walls · 3 gate(s)
Confucius_IYI's base· ✓ Closed at 14:41 · 0t walls · 2 gate(s)
nashrock85's base· ✓ Closed at 17:52 · 1t walls · 2 gate(s)
nicolas.munoz8's base· ✓ Closed at 15:15 · 0t walls · 3 gate(s)
gato's base· ✓ Closed at 14:26 · 0t walls · 2 gate(s)
Miles_WithFriends's base· ✓ Closed at 21:10 · 0t walls · 2 gate(s)
Smoothed initial terrain · ◌ = detected wall gap · hover for details
Inputs per minute
— CTM | Crawly94 - - OlandsHrrant
Build order — CTM | Crawly94
First 150 of 153 actions detected
| 0:01 | Queue | Villager (Male) |
| 0:01 | Queue | Villager (Male) |
| 0:02 | Build | House |
| 0:04 | Build | House |
| 0:19 | Queue | Villager (Male) |
| 0:19 | Queue | Villager (Male) |
| 1:31 | Queue | Villager (Male) |
| 2:07 | Queue | Villager (Male) |
| 2:07 | Queue | Villager (Male) |
| 2:29 | Queue | Villager (Male) |
| 2:29 | Queue | Villager (Male) |
| 2:50 | Queue | Villager (Male) |
| 2:51 | Queue | Villager (Male) |
| 3:03 | Build | House |
| 3:09 | Queue | Villager (Male) |
| 3:28 | Queue | Villager (Male) |
| 3:53 | Build | House |
| 3:57 | Build | Mill |
| 4:13 | Queue | Villager (Male) |
| 4:37 | Queue | Villager (Male) |
| 4:37 | Queue | Villager (Male) |
| 4:38 | Queue | Villager (Male) |
| 5:21 | Queue | Villager (Male) |
| 5:21 | Queue | Villager (Male) |
| 5:35 | Queue | Villager (Male) |
| 5:35 | Queue | Villager (Male) |
| 5:54 | Queue | Villager (Male) |
| 5:54 | Queue | Villager (Male) |
| 5:59 | Queue | Villager (Male) |
| 7:33 | Queue | Villager (Male) |
| 7:52 | Build | House |
| 8:02 | Queue | Villager (Male) |
| 8:11 | Queue | Villager (Male) |
| 8:26 | Build | Mule Cart |
| 8:32 | Build | Farm |
| 8:34 | Build | Farm |
| 8:36 | Build | Farm |
| 9:14 | Research | Feudal Age |
| 9:20 | Build | Farm |
| 9:26 | Build | Farm |
| 9:46 | Queue | Villager (Male) |
| 9:46 | Queue | Villager (Male) |
| 11:24 | Age | Feudal Age |
| 11:27 | Build | Market |
| 11:29 | Build | Blacksmith |
| 11:35 | Research | Double-Bit Axe |
| 11:49 | Research | Double-Bit Axe |
| 11:54 | Build | Farm |
| 11:57 | Build | Farm |
| 12:15 | Research | Castle Age |
| 12:15 | Research | Castle Age |
| 12:38 | Queue | Villager (Male) |
| 13:05 | Build | Mule Cart |
| 14:05 | Build | House |
| 14:11 | Build | House |
| 14:12 | Build | House |
| 14:55 | Age | Castle Age |
| 15:00 | Build | Town Center |
| 15:03 | Build | Town Center |
| 15:04 | Queue | Villager (Male) |
| 15:07 | Queue | Villager (Male) |
| 15:26 | Queue | Villager (Male) |
| 15:39 | Queue | Villager (Male) |
| 15:43 | Research | Bow Saw |
| 16:12 | Queue | Villager (Male) |
| 16:27 | Queue | Villager (Male) |
| 16:29 | Queue | Villager (Male) |
| 16:32 | Build | Farm |
| 16:33 | Build | Farm |
| 16:35 | Queue | Villager (Male) |
| 16:36 | Queue | Villager (Male) |
| 16:49 | Queue | Villager (Male) |
| 16:49 | Queue | Villager (Male) |
| 16:56 | Build | Monastery |
| 17:01 | Queue | Villager (Male) |
| 17:05 | Build | Farm |
| 17:12 | Research | Horse Collar |
| 17:12 | Research | Horse Collar |
| 17:21 | Build | Farm |
| 17:46 | Queue | Villager (Male) |
| 17:46 | Queue | Villager (Male) |
| 17:47 | Queue | Villager (Male) |
| 17:59 | Build | Farm |
| 18:01 | Research | Loom |
| 18:04 | Queue | Villager (Male) |
| 18:04 | Queue | Villager (Male) |
| 18:17 | Build | Monastery |
| 18:23 | Queue | Villager (Male) |
| 18:24 | Queue | Villager (Male) |
| 18:24 | Queue | Villager (Male) |
| 18:31 | Build | Farm |
| 18:34 | Build | Farm |
| 18:35 | Queue | Villager (Male) |
| 18:47 | Build | Mule Cart |
| 19:03 | Queue | Villager (Male) |
| 19:03 | Queue | Villager (Male) |
| 19:15 | Build | Farm |
| 19:17 | Build | Farm |
| 19:18 | Queue | Villager (Male) |
| 19:18 | Queue | Villager (Male) |
| 19:18 | Queue | Villager (Male) |
| 19:22 | Build | Farm |
| 19:26 | Queue | Villager (Male) |
| 19:27 | Queue | Villager (Male) |
| 19:38 | Queue | Villager (Male) |
| 20:03 | Build | Barracks |
| 20:04 | Queue | Villager (Male) |
| 20:05 | Queue | Villager (Male) |
| 20:06 | Queue | Villager (Male) |
| 20:15 | Build | House |
| 20:17 | Build | House |
| 20:18 | Build | House |
| 20:19 | Build | House |
| 20:21 | Build | House |
| 20:23 | Queue | Villager (Male) |
| 20:24 | Queue | Villager (Male) |
| 20:24 | Queue | Villager (Male) |
| 20:34 | Build | House |
| 20:36 | Build | House |
| 20:40 | Queue | Villager (Male) |
| 20:40 | Queue | Villager (Male) |
| 20:43 | Build | Farm |
| 20:45 | Build | Farm |
| 20:47 | Build | Farm |
| 20:49 | Build | Farm |
| 20:49 | Queue | Villager (Male) |
| 20:50 | Queue | Villager (Male) |
| 21:05 | Research | Gold Mining |
| 21:17 | Build | Monastery |
| 21:22 | Build | Farm |
| 21:22 | Build | Farm |
| 21:23 | Build | Farm |
| 21:27 | Research | Town Watch |
| 21:31 | Build | Stable |
| 21:33 | Build | Stable |
| 21:35 | Queue | Villager (Male) |
| 21:37 | Queue | Villager (Male) |
| 21:43 | Queue | Villager (Male) |
| 21:43 | Queue | Villager (Male) |
| 21:50 | Build | Farm |
| 21:50 | Build | Farm |
| 21:52 | Queue | Villager (Male) |
| 21:52 | Queue | Villager (Male) |
| 22:06 | Build | Siege Workshop |
| 22:10 | Build | Castle |
| 22:23 | Build | Gate |
| 22:25 | Queue | Villager (Male) |
| 22:25 | Queue | Villager (Male) |
| 22:31 | Queue | Villager (Male) |
| 22:38 | Queue | Knight |
Build order — OlandsHrrant
90 actions detected in the replay
| 0:01 | Queue | Villager (Male) |
| 0:01 | Queue | Villager (Male) |
| 0:02 | Build | House |
| 0:03 | Build | House |
| 0:27 | Queue | Villager (Male) |
| 0:28 | Queue | Villager (Male) |
| 0:28 | Queue | Villager (Male) |
| 1:24 | Queue | Villager (Male) |
| 1:25 | Queue | Villager (Male) |
| 2:05 | Queue | Villager (Male) |
| 2:06 | Research | Loom |
| 2:39 | Build | House |
| 2:45 | Build | Lumber Camp |
| 2:50 | Queue | Villager (Male) |
| 2:50 | Queue | Villager (Male) |
| 3:23 | Queue | Villager (Male) |
| 3:23 | Queue | Villager (Male) |
| 3:49 | Queue | Villager (Male) |
| 3:50 | Queue | Villager (Male) |
| 4:07 | Queue | Villager (Male) |
| 4:42 | Build | Mill |
| 5:17 | Queue | Villager (Male) |
| 5:17 | Queue | Villager (Male) |
| 5:17 | Queue | Villager (Male) |
| 5:54 | Queue | Villager (Male) |
| 5:54 | Queue | Villager (Male) |
| 6:59 | Research | Feudal Age |
| 8:20 | Queue | Villager (Male) |
| 8:20 | Queue | Villager (Male) |
| 8:23 | Build | House |
| 9:26 | Build | House |
| 9:32 | Age | Feudal Age |
| 9:33 | Build | Palisade Wall |
| 9:42 | Build | Watch Tower |
| 10:03 | Build | Blacksmith |
| 10:32 | Queue | Villager (Male) |
| 10:33 | Queue | Villager (Male) |
| 10:39 | Research | Fletching |
| 11:57 | Build | Watch Tower |
| 12:09 | Queue | Villager (Male) |
| 12:10 | Queue | Villager (Male) |
| 12:10 | Queue | Villager (Male) |
| 12:24 | Build | House |
| 13:14 | Queue | Villager (Male) |
| 13:14 | Queue | Villager (Male) |
| 14:55 | Build | Watch Tower |
| 15:07 | Queue | Villager (Male) |
| 15:08 | Queue | Villager (Male) |
| 15:08 | Queue | Villager (Male) |
| 15:08 | Queue | Villager (Male) |
| 15:25 | Build | House |
| 15:41 | Build | Gate |
| 15:54 | Build | Gate |
| 16:00 | Build | Stone Wall |
| 16:04 | Build | House |
| 16:19 | Build | Farm |
| 16:20 | Build | Farm |
| 16:21 | Build | Farm |
| 16:38 | Build | Gate |
| 17:10 | Build | Gate |
| 17:22 | Queue | Villager (Male) |
| 17:22 | Queue | Villager (Male) |
| 17:26 | Build | Farm |
| 18:00 | Build | Watch Tower |
| 18:40 | Build | Gate |
| 19:05 | Build | Mining Camp |
| 19:12 | Build | Market |
| 19:55 | Build | Barracks |
| 20:41 | Queue | Spearman |
| 20:41 | Queue | Spearman |
| 20:41 | Queue | Spearman |
| 20:50 | Build | Mining Camp |
| 21:02 | Queue | Spearman |
| 21:02 | Queue | Spearman |
| 21:41 | Build | House |
| 21:42 | Build | House |
| 21:49 | Build | House |
| 21:50 | Build | House |
| 22:09 | Research | Double-Bit Axe |
| 22:10 | Research | Scale Mail Armor |
| 22:11 | Research | Forging |
| 22:17 | Build | Farm |
| 22:18 | Build | Farm |
| 22:19 | Build | Farm |
| 22:19 | Build | Farm |
| 22:21 | Build | Farm |
| 22:21 | Build | Farm |
| 22:26 | Queue | Spearman |
| 22:26 | Queue | Spearman |
| 22:59 | Build | House |
Build order — Conde Chekula
120 actions detected in the replay
| 0:01 | Queue | Villager (Male) |
| 0:01 | Queue | Villager (Male) |
| 0:02 | Queue | Villager (Male) |
| 0:02 | Queue | Villager (Male) |
| 0:04 | Build | House |
| 0:06 | Build | House |
| 1:25 | Queue | Villager (Male) |
| 1:25 | Queue | Villager (Male) |
| 1:44 | Build | Lumber Camp |
| 1:59 | Research | Loom |
| 2:12 | Queue | Villager (Male) |
| 2:34 | Queue | Villager (Male) |
| 2:59 | Queue | Villager (Male) |
| 3:28 | Queue | Villager (Male) |
| 3:28 | Queue | Villager (Male) |
| 3:37 | Build | House |
| 3:38 | Build | House |
| 3:48 | Queue | Villager (Male) |
| 3:48 | Queue | Villager (Male) |
| 4:04 | Queue | Villager (Male) |
| 4:28 | Queue | Villager (Male) |
| 4:36 | Build | Mill |
| 5:01 | Queue | Villager (Male) |
| 5:01 | Queue | Villager (Male) |
| 5:20 | Queue | Villager (Male) |
| 5:26 | Queue | Villager (Male) |
| 5:54 | Queue | Villager (Male) |
| 5:54 | Queue | Villager (Male) |
| 6:26 | Queue | Villager (Male) |
| 6:26 | Queue | Villager (Male) |
| 7:16 | Build | Mining Camp |
| 7:24 | Build | House |
| 7:25 | Build | House |
| 7:26 | Queue | Villager (Male) |
| 7:26 | Queue | Villager (Male) |
| 7:27 | Queue | Villager (Male) |
| 7:27 | Queue | Villager (Male) |
| 7:28 | Queue | Villager (Male) |
| 7:28 | Queue | Villager (Male) |
| 8:35 | Build | Mining Camp |
| 9:08 | Research | Feudal Age |
| 9:53 | Queue | Villager (Male) |
| 9:53 | Queue | Villager (Male) |
| 9:53 | Queue | Villager (Male) |
| 9:54 | Queue | Villager (Male) |
| 9:54 | Queue | Villager (Male) |
| 10:56 | Build | Farm |
| 10:56 | Build | Farm |
| 10:56 | Build | Farm |
| 10:57 | Build | Farm |
| 10:58 | Build | Farm |
| 11:28 | Age | Feudal Age |
| 11:38 | Build | Market |
| 11:40 | Build | Blacksmith |
| 11:59 | Research | Double-Bit Axe |
| 12:48 | Build | Blacksmith |
| 13:31 | Research | Castle Age |
| 14:28 | Build | Farm |
| 14:29 | Build | Farm |
| 14:46 | Build | Farm |
| 16:11 | Research | Wheelbarrow |
| 16:13 | Age | Castle Age |
| 16:17 | Build | Castle |
| 16:21 | Build | House |
| 16:23 | Build | House |
| 16:26 | Build | House |
| 16:28 | Build | House |
| 16:39 | Research | Bow Saw |
| 16:47 | Build | Farm |
| 16:51 | Build | Farm |
| 16:59 | Queue | Villager (Male) |
| 17:39 | Build | Mining Camp |
| 17:42 | Queue | Villager (Male) |
| 17:53 | Build | Siege Workshop |
| 18:09 | Queue | Villager (Male) |
| 18:16 | Queue | Huskarl |
| 18:16 | Queue | Huskarl |
| 18:16 | Queue | Huskarl |
| 18:17 | Queue | Huskarl |
| 18:17 | Queue | Huskarl |
| 18:30 | Queue | Huskarl |
| 18:30 | Queue | Huskarl |
| 18:37 | Queue | Battering Ram |
| 18:37 | Queue | Battering Ram |
| 18:42 | Queue | Villager (Male) |
| 18:51 | Build | Farm |
| 18:53 | Queue | Huskarl |
| 18:54 | Queue | Huskarl |
| 19:02 | Queue | Villager (Male) |
| 19:33 | Build | Barracks |
| 19:40 | Queue | Battering Ram |
| 19:40 | Queue | Battering Ram |
| 19:42 | Queue | Huskarl |
| 19:42 | Queue | Huskarl |
| 19:43 | Queue | Huskarl |
| 19:43 | Queue | Huskarl |
| 20:20 | Queue | Huskarl |
| 20:21 | Queue | Huskarl |
| 20:21 | Queue | Huskarl |
| 20:34 | Queue | Battering Ram |
| 20:36 | Queue | Huskarl |
| 20:36 | Queue | Huskarl |
| 20:41 | Queue | Villager (Male) |
| 20:59 | Queue | Huskarl |
| 21:18 | Queue | Huskarl |
| 21:19 | Queue | Huskarl |
| 21:39 | Queue | Huskarl |
| 21:46 | Build | Farm |
| 21:47 | Build | Farm |
| 21:50 | Build | Farm |
| 21:50 | Queue | Villager (Male) |
| 21:50 | Queue | Villager (Male) |
| 22:03 | Queue | Huskarl |
| 22:03 | Queue | Huskarl |
| 22:43 | Queue | Huskarl |
| 22:43 | Queue | Huskarl |
| 22:49 | Queue | Battering Ram |
| 22:59 | Queue | Huskarl |
| 22:59 | Queue | Huskarl |
| 23:01 | Queue | Huskarl |
Build order — Confucius_IYI
103 actions detected in the replay
| 0:01 | Queue | Villager (Male) |
| 0:01 | Queue | Villager (Male) |
| 0:01 | Queue | Villager (Male) |
| 0:02 | Build | House |
| 0:03 | Build | House |
| 0:11 | Queue | Villager (Male) |
| 1:18 | Queue | Villager (Male) |
| 1:45 | Build | Lumber Camp |
| 1:57 | Queue | Villager (Male) |
| 2:21 | Queue | Villager (Male) |
| 2:48 | Queue | Villager (Male) |
| 3:12 | Queue | Villager (Male) |
| 3:36 | Queue | Villager (Male) |
| 3:36 | Queue | Villager (Male) |
| 3:50 | Build | House |
| 3:54 | Build | Mill |
| 4:03 | Queue | Villager (Male) |
| 4:50 | Queue | Villager (Male) |
| 5:15 | Queue | Villager (Male) |
| 5:16 | Queue | Villager (Male) |
| 5:54 | Build | House |
| 6:09 | Build | Farm |
| 6:10 | Queue | Villager (Male) |
| 6:27 | Queue | Villager (Male) |
| 6:33 | Build | Mining Camp |
| 6:46 | Queue | Villager (Male) |
| 7:26 | Queue | Villager (Male) |
| 7:35 | Queue | Villager (Male) |
| 7:50 | Build | House |
| 8:06 | Queue | Villager (Male) |
| 8:40 | Research | Feudal Age |
| 9:01 | Build | Farm |
| 9:05 | Build | Farm |
| 10:44 | Queue | Villager (Male) |
| 10:56 | Age | Feudal Age |
| 10:58 | Build | Market |
| 11:13 | Build | Blacksmith |
| 11:20 | Queue | Villager (Male) |
| 12:01 | Research | Castle Age |
| 12:38 | Queue | Villager (Male) |
| 13:00 | Queue | Villager (Male) |
| 13:14 | Build | Farm |
| 13:17 | Build | Farm |
| 13:53 | Build | House |
| 13:54 | Build | House |
| 13:57 | Queue | Villager (Male) |
| 14:07 | Research | Loom |
| 14:10 | Queue | Villager (Male) |
| 14:18 | Queue | Villager (Male) |
| 14:25 | Build | House |
| 14:41 | Age | Castle Age |
| 14:50 | Build | Monastery |
| 14:54 | Queue | Villager (Male) |
| 15:03 | Queue | Villager (Male) |
| 15:24 | Build | Monastery |
| 15:25 | Queue | Monk |
| 16:07 | Research | Sanctity |
| 16:07 | Research | Fervor |
| 16:18 | Build | Monastery |
| 16:28 | Queue | Villager (Male) |
| 16:49 | Research | Herbal Medicine |
| 16:52 | Queue | Monk |
| 16:58 | Build | Siege Workshop |
| 17:05 | Queue | Villager (Male) |
| 17:05 | Queue | Villager (Male) |
| 17:09 | Queue | Monk |
| 17:09 | Queue | Monk |
| 17:10 | Queue | Monk |
| 17:30 | Queue | Villager (Male) |
| 17:31 | Queue | Villager (Male) |
| 17:41 | Build | House |
| 17:47 | Queue | Monk |
| 17:47 | Queue | Monk |
| 17:50 | Queue | Villager (Male) |
| 17:57 | Queue | Villager (Male) |
| 18:02 | Queue | Battering Ram |
| 18:14 | Build | House |
| 18:34 | Queue | Battering Ram |
| 18:34 | Queue | Battering Ram |
| 18:46 | Queue | Villager (Male) |
| 19:06 | Queue | Battering Ram |
| 19:15 | Build | House |
| 19:16 | Build | House |
| 19:28 | Queue | Monk ×2 |
| 19:45 | Queue | Monk |
| 20:48 | Research | Wheelbarrow |
| 20:48 | Queue | Villager (Male) |
| 20:51 | Build | House |
| 20:51 | Build | House |
| 21:01 | Build | Barracks |
| 21:01 | Build | Barracks |
| 21:26 | Research | Scale Mail Armor |
| 21:59 | Research | Squires |
| 22:02 | Build | Barracks |
| 22:02 | Build | Barracks |
| 22:13 | Queue | Monk ×5 |
| 22:24 | Queue | Villager (Male) |
| 22:26 | Queue | Villager (Male) |
| 22:41 | Research | Redemption |
| 22:43 | Queue | Monk |
| 22:55 | Queue | Villager (Male) |
| 22:58 | Queue | Villager (Male) |
| 23:06 | Research | Pikeman (upgrade) |
Build order — nashrock85
82 actions detected in the replay
| 0:01 | Queue | Villager (Male) |
| 0:01 | Queue | Villager (Male) |
| 0:02 | Build | House |
| 0:04 | Build | House |
| 0:06 | Queue | Villager (Male) |
| 0:06 | Queue | Villager (Male) |
| 1:30 | Queue | Villager (Male) |
| 2:03 | Queue | Villager (Male) |
| 2:03 | Queue | Villager (Male) |
| 2:09 | Build | Lumber Camp |
| 2:16 | Queue | Villager (Male) |
| 2:51 | Queue | Villager (Male) |
| 3:16 | Queue | Villager (Male) |
| 3:41 | Build | House |
| 3:57 | Queue | Villager (Male) |
| 3:58 | Queue | Villager (Male) |
| 3:58 | Queue | Villager (Male) |
| 4:01 | Queue | Villager (Male) |
| 4:01 | Queue | Villager (Male) |
| 5:15 | Queue | Villager (Male) |
| 5:15 | Queue | Villager (Male) |
| 5:15 | Queue | Villager (Male) |
| 5:16 | Queue | Villager (Male) |
| 5:50 | Build | House |
| 5:59 | Build | Mill |
| 6:19 | Queue | Villager (Male) |
| 6:19 | Queue | Villager (Male) |
| 6:19 | Queue | Villager (Male) |
| 6:54 | Queue | Villager (Male) |
| 7:25 | Build | House |
| 7:26 | Build | House |
| 7:27 | Build | House |
| 7:43 | Queue | Villager (Male) |
| 7:43 | Queue | Villager (Male) |
| 8:26 | Build | Mining Camp |
| 8:49 | Queue | Villager (Male) |
| 8:53 | Research | Feudal Age |
| 8:57 | Build | House |
| 9:04 | Build | House |
| 9:06 | Build | House |
| 10:12 | Build | Farm |
| 10:16 | Build | Farm |
| 10:18 | Build | Farm |
| 10:29 | Build | House |
| 10:47 | Build | House |
| 11:08 | Build | House |
| 11:10 | Build | House |
| 11:17 | Build | Palisade Wall |
| 11:24 | Age | Feudal Age |
| 11:29 | Build | House |
| 11:30 | Build | House |
| 11:31 | Build | House |
| 11:45 | Build | Watch Tower |
| 11:52 | Queue | Villager (Male) |
| 11:52 | Queue | Villager (Male) |
| 12:09 | Build | House |
| 12:11 | Build | House |
| 12:44 | Research | Loom |
| 12:50 | Build | Farm |
| 12:52 | Queue | Villager (Male) |
| 12:54 | Queue | Villager (Male) |
| 13:37 | Queue | Villager (Male) |
| 13:38 | Queue | Villager (Male) |
| 13:38 | Queue | Villager (Male) |
| 13:38 | Queue | Villager (Male) |
| 13:43 | Build | Farm |
| 14:34 | Build | Barracks |
| 14:48 | Queue | Villager (Male) |
| 15:04 | Build | Lumber Camp |
| 16:19 | Build | Market |
| 16:28 | Queue | Villager (Male) |
| 17:00 | Queue | Villager (Male) |
| 17:18 | Build | Blacksmith |
| 17:26 | Queue | Villager (Male) |
| 17:33 | Build | Farm |
| 17:47 | Build | Farm |
| 17:52 | Research | Castle Age |
| 18:09 | Build | Watch Tower |
| 18:29 | Build | Farm |
| 18:40 | Build | Farm |
| 19:32 | Queue | Villager (Male) |
| 20:02 | Queue | Villager (Male) |
Build order — nicolas.munoz8
129 actions detected in the replay
| 0:04 | Build | House |
| 0:06 | Build | House |
| 0:07 | Queue | Villager (Male) |
| 0:07 | Queue | Villager (Male) |
| 0:07 | Queue | Villager (Male) |
| 0:08 | Queue | Villager (Male) |
| 0:08 | Queue | Villager (Male) |
| 1:36 | Queue | Villager (Male) |
| 2:02 | Queue | Villager (Male) |
| 2:02 | Queue | Villager (Male) |
| 2:43 | Build | Lumber Camp |
| 2:55 | Queue | Villager (Male) |
| 3:26 | Queue | Villager (Male) |
| 3:26 | Queue | Villager (Male) |
| 3:27 | Queue | Villager (Male) |
| 3:43 | Build | House |
| 3:44 | Build | House |
| 4:07 | Queue | Villager (Male) |
| 4:07 | Queue | Villager (Male) |
| 4:07 | Queue | Villager (Male) |
| 4:34 | Build | House |
| 4:36 | Queue | Villager (Male) |
| 5:18 | Queue | Villager (Male) |
| 5:33 | Build | Mill |
| 5:43 | Queue | Villager (Male) |
| 6:07 | Queue | Villager (Male) |
| 6:37 | Queue | Villager (Male) |
| 6:59 | Build | Mining Camp |
| 7:03 | Queue | Villager (Male) |
| 7:27 | Queue | Villager (Male) |
| 7:49 | Queue | Villager (Male) |
| 8:09 | Queue | Villager (Male) |
| 8:47 | Queue | Villager (Male) |
| 8:48 | Research | Feudal Age |
| 9:15 | Build | Barracks |
| 9:36 | Build | Farm |
| 9:45 | Build | House |
| 9:58 | Queue | Villager (Male) |
| 10:30 | Queue | Villager (Male) |
| 10:38 | Build | Farm |
| 11:27 | Age | Feudal Age |
| 11:43 | Build | Market |
| 11:48 | Build | Blacksmith |
| 12:09 | Build | Farm |
| 12:12 | Build | Farm |
| 12:35 | Research | Castle Age |
| 12:55 | Build | Lumber Camp |
| 13:52 | Build | Stable |
| 13:54 | Build | Farm |
| 13:56 | Research | Double-Bit Axe |
| 13:58 | Build | Farm |
| 14:01 | Build | Farm |
| 14:48 | Build | Farm |
| 14:50 | Build | Farm |
| 14:56 | Build | Farm |
| 15:02 | Build | Stable |
| 15:13 | Research | Forging |
| 15:15 | Age | Castle Age |
| 15:16 | Queue | Villager (Male) |
| 15:17 | Queue | Knight |
| 15:23 | Build | Farm |
| 15:30 | Build | Farm |
| 15:39 | Queue | Knight |
| 15:44 | Queue | Villager (Male) |
| 16:05 | Queue | Villager (Male) |
| 16:14 | Queue | Knight |
| 16:26 | Queue | Villager (Male) |
| 16:30 | Build | House |
| 16:40 | Queue | Knight |
| 16:52 | Queue | Villager (Male) |
| 16:57 | Build | House |
| 16:58 | Build | House |
| 17:57 | Queue | Villager (Male) |
| 18:09 | Queue | Villager (Male) |
| 18:14 | Build | Monastery |
| 18:15 | Queue | Knight |
| 18:15 | Queue | Knight |
| 18:15 | Queue | Knight |
| 18:16 | Queue | Villager (Male) |
| 18:23 | Build | Town Center |
| 18:31 | Research | Gold Mining |
| 18:38 | Queue | Villager (Male) |
| 18:46 | Queue | Monk |
| 19:10 | Queue | Villager (Male) |
| 19:14 | Queue | Knight |
| 19:27 | Queue | Villager (Male) |
| 19:35 | Build | Farm |
| 19:37 | Build | Farm |
| 19:39 | Build | Farm |
| 19:41 | Build | Farm |
| 19:42 | Build | Farm |
| 19:45 | Build | Farm |
| 19:46 | Build | Farm |
| 19:48 | Build | Farm |
| 19:49 | Build | Farm |
| 19:53 | Queue | Villager (Male) |
| 19:58 | Queue | Knight |
| 20:09 | Build | Farm |
| 20:11 | Build | Farm |
| 20:14 | Queue | Villager (Male) |
| 20:20 | Research | Husbandry |
| 20:49 | Queue | Villager (Male) |
| 20:54 | Queue | Villager (Male) |
| 20:54 | Queue | Villager (Male) |
| 20:54 | Queue | Villager (Male) |
| 21:01 | Build | Mining Camp |
| 21:12 | Build | Lumber Camp |
| 21:14 | Queue | Villager (Male) |
| 21:20 | Queue | Knight |
| 21:39 | Queue | Scout Cavalry |
| 21:50 | Build | House |
| 21:57 | Build | House |
| 22:00 | Queue | Villager (Male) |
| 22:06 | Build | House |
| 22:08 | Build | House |
| 22:12 | Queue | Villager (Male) |
| 22:13 | Queue | Scout Cavalry |
| 22:14 | Queue | Scout Cavalry |
| 22:19 | Build | House |
| 22:20 | Build | House |
| 22:21 | Build | House |
| 22:21 | Build | House |
| 22:27 | Queue | Villager (Male) |
| 22:28 | Queue | Villager (Male) |
| 22:49 | Queue | Villager (Male) |
| 22:52 | Research | Loom |
| 22:58 | Research | Stone Mining |
| 23:01 | Queue | Villager (Male) |
| 23:07 | Queue | Villager (Male) |
Build order — gato
First 150 of 162 actions detected
| 0:01 | Queue | Villager (Male) |
| 0:01 | Queue | Villager (Male) |
| 0:02 | Queue | Villager (Male) |
| 0:02 | Queue | Villager (Male) |
| 0:03 | Build | House |
| 0:04 | Build | House |
| 1:40 | Queue | Villager (Male) |
| 1:40 | Queue | Villager (Male) |
| 1:56 | Build | Lumber Camp |
| 2:01 | Queue | Villager (Male) |
| 2:02 | Queue | Villager (Male) |
| 2:02 | Queue | Villager (Male) |
| 2:50 | Queue | Villager (Male) |
| 2:51 | Queue | Villager (Male) |
| 2:51 | Queue | Villager (Male) |
| 2:51 | Queue | Villager (Male) |
| 3:20 | Queue | Villager (Male) |
| 3:20 | Queue | Villager (Male) |
| 3:21 | Queue | Villager (Male) |
| 3:35 | Build | House |
| 3:36 | Build | House |
| 3:55 | Queue | Villager (Male) |
| 4:09 | Queue | Villager (Male) |
| 4:10 | Queue | Villager (Male) |
| 4:49 | Build | Mill |
| 4:53 | Queue | Villager (Male) |
| 4:54 | Queue | Villager (Male) |
| 4:54 | Queue | Villager (Male) |
| 5:38 | Queue | Villager (Male) |
| 5:38 | Queue | Villager (Male) |
| 5:38 | Queue | Villager (Male) |
| 5:55 | Queue | Villager (Male) |
| 5:56 | Queue | Villager (Male) |
| 5:58 | Queue | Villager (Male) |
| 6:09 | Build | Farm |
| 6:57 | Build | Farm |
| 7:02 | Build | Farm |
| 7:50 | Queue | Villager (Male) |
| 8:01 | Build | Mining Camp |
| 8:09 | Queue | Villager (Male) |
| 8:15 | Build | Farm |
| 8:37 | Research | Feudal Age |
| 8:47 | Build | House |
| 10:13 | Queue | Villager (Male) |
| 10:13 | Queue | Villager (Male) |
| 10:56 | Age | Feudal Age |
| 10:58 | Build | Market |
| 11:00 | Build | Blacksmith |
| 11:46 | Research | Castle Age |
| 11:46 | Research | Castle Age |
| 12:13 | Research | Double-Bit Axe |
| 12:15 | Research | Horse Collar |
| 13:27 | Queue | Villager (Male) |
| 13:27 | Queue | Villager (Male) |
| 13:34 | Build | House |
| 13:38 | Build | House |
| 14:26 | Age | Castle Age |
| 14:28 | Build | Town Center |
| 14:32 | Build | Town Center |
| 14:48 | Build | Farm |
| 14:50 | Research | Bow Saw |
| 14:51 | Research | Heavy Plow |
| 14:55 | Build | Farm |
| 15:15 | Queue | Villager (Male) |
| 15:29 | Queue | Villager (Male) |
| 15:31 | Build | Farm |
| 15:54 | Queue | Villager (Male) |
| 15:56 | Queue | Villager (Male) |
| 16:08 | Queue | Villager (Male) |
| 16:12 | Build | Farm |
| 16:12 | Build | Farm |
| 16:35 | Queue | Villager (Male) ×2 |
| 16:41 | Build | Farm |
| 16:42 | Build | Farm |
| 16:43 | Build | Farm |
| 16:44 | Build | Farm |
| 16:46 | Build | Farm |
| 16:48 | Queue | Villager (Male) |
| 16:52 | Build | House |
| 16:53 | Build | House |
| 17:03 | Build | Farm |
| 17:04 | Build | Farm |
| 17:06 | Queue | Villager (Male) |
| 17:07 | Queue | Villager (Male) |
| 17:22 | Build | Farm |
| 17:26 | Queue | Villager (Male) |
| 17:26 | Queue | Villager (Male) |
| 17:29 | Build | Farm |
| 17:51 | Queue | Villager (Male) ×2 |
| 17:51 | Queue | Villager (Male) ×2 |
| 17:52 | Queue | Villager (Male) ×2 |
| 17:57 | Queue | Villager (Male) |
| 18:03 | Build | Lumber Camp |
| 18:12 | Queue | Villager (Male) |
| 18:13 | Queue | Villager (Male) |
| 18:13 | Queue | Villager (Male) |
| 18:21 | Build | Town Center |
| 18:25 | Queue | Villager (Male) |
| 18:25 | Queue | Villager (Male) |
| 18:26 | Queue | Villager (Male) |
| 18:33 | Build | Farm |
| 18:41 | Queue | Villager (Male) |
| 18:42 | Queue | Villager (Male) |
| 19:01 | Build | House |
| 19:04 | Build | House |
| 19:05 | Build | House |
| 19:07 | Build | House |
| 19:09 | Queue | Villager (Male) ×4 |
| 19:09 | Queue | Villager (Male) ×4 |
| 19:16 | Build | Farm |
| 19:17 | Build | Farm |
| 19:29 | Queue | Villager (Male) ×2 |
| 19:29 | Queue | Villager (Male) ×2 |
| 19:39 | Build | Farm |
| 19:40 | Build | Farm |
| 19:41 | Build | Farm |
| 19:43 | Build | Farm |
| 19:48 | Queue | Villager (Male) |
| 19:49 | Queue | Villager (Male) |
| 19:58 | Build | Farm |
| 20:03 | Queue | Villager (Male) ×2 |
| 20:03 | Queue | Villager (Male) ×2 |
| 20:26 | Build | Farm |
| 20:28 | Queue | Villager (Male) ×3 |
| 20:28 | Queue | Villager (Male) ×3 |
| 20:33 | Build | Farm |
| 20:35 | Build | Farm |
| 20:37 | Build | Farm |
| 20:54 | Research | Wheelbarrow |
| 20:56 | Research | Loom |
| 20:57 | Queue | Villager (Male) |
| 20:57 | Queue | Villager (Male) |
| 21:03 | Queue | Villager (Male) |
| 21:03 | Queue | Villager (Male) |
| 21:05 | Build | House |
| 21:05 | Build | House |
| 21:07 | Build | House |
| 21:08 | Queue | Villager (Male) |
| 21:08 | Queue | Villager (Male) |
| 21:14 | Queue | Villager (Male) |
| 21:14 | Queue | Villager (Male) |
| 21:35 | Queue | Villager (Male) ×4 |
| 21:35 | Queue | Villager (Male) ×4 |
| 21:37 | Queue | Villager (Male) |
| 21:38 | Queue | Villager (Male) |
| 21:46 | Build | Farm |
| 21:51 | Build | Farm |
| 21:52 | Build | Farm |
| 21:56 | Queue | Villager (Male) ×2 |
| 21:57 | Queue | Villager (Male) ×3 |
Build order — Miles_WithFriends
First 150 of 159 actions detected
| 0:01 | Queue | Villager (Male) |
| 0:01 | Queue | Villager (Male) |
| 0:01 | Queue | Villager (Male) |
| 0:02 | Queue | Villager (Male) |
| 0:02 | Build | House |
| 0:04 | Build | House |
| 1:28 | Queue | Villager (Male) |
| 1:29 | Queue | Villager (Male) |
| 1:42 | Queue | Villager (Male) |
| 1:42 | Queue | Villager (Male) |
| 2:21 | Build | Lumber Camp |
| 2:22 | Queue | Villager (Male) |
| 2:22 | Queue | Villager (Male) |
| 2:51 | Queue | Villager (Male) |
| 2:51 | Queue | Villager (Male) |
| 2:54 | Queue | Villager (Male) |
| 2:55 | Queue | Villager (Male) |
| 3:04 | Build | House |
| 3:13 | Queue | Villager (Male) |
| 4:02 | Queue | Villager (Male) |
| 4:02 | Queue | Villager (Male) |
| 4:26 | Queue | Villager (Male) |
| 4:27 | Queue | Villager (Male) |
| 4:45 | Queue | Villager (Male) |
| 4:45 | Queue | Villager (Male) |
| 4:46 | Queue | Villager (Male) |
| 4:52 | Build | House |
| 5:04 | Build | Mill |
| 5:11 | Queue | Villager (Male) |
| 5:46 | Queue | Villager (Male) |
| 6:47 | Research | Loom |
| 7:23 | Research | Feudal Age |
| 8:19 | Build | House |
| 9:12 | Queue | Villager (Male) |
| 9:12 | Queue | Villager (Male) |
| 9:28 | Build | House |
| 9:41 | Age | Feudal Age |
| 9:43 | Build | Town Center |
| 9:51 | Research | Double-Bit Axe |
| 9:51 | Research | Horse Collar |
| 10:06 | Build | Farm |
| 10:09 | Build | Farm |
| 10:12 | Build | Farm |
| 10:19 | Queue | Villager (Male) |
| 10:31 | Build | Farm |
| 10:44 | Queue | Villager (Male) |
| 11:05 | Build | Farm |
| 11:08 | Queue | Villager (Male) |
| 11:14 | Queue | Villager (Male) |
| 11:16 | Queue | Villager (Male) |
| 11:19 | Build | Farm |
| 11:21 | Build | Farm |
| 11:25 | Build | Farm |
| 11:27 | Queue | Villager (Male) |
| 11:47 | Queue | Villager (Male) |
| 11:51 | Build | Farm |
| 12:02 | Build | Farm |
| 12:03 | Queue | Villager (Male) |
| 12:05 | Build | House |
| 12:18 | Queue | Villager (Male) |
| 12:21 | Build | Farm |
| 12:24 | Queue | Villager (Male) |
| 12:38 | Queue | Villager (Male) |
| 12:44 | Build | Blacksmith |
| 12:51 | Queue | Villager (Male) |
| 12:55 | Build | Farm |
| 12:59 | Queue | Villager (Male) |
| 13:09 | Build | Farm |
| 13:10 | Queue | Villager (Male) |
| 13:22 | Queue | Villager (Male) |
| 13:26 | Build | House |
| 13:37 | Queue | Villager (Male) |
| 13:41 | Build | Mining Camp |
| 13:49 | Queue | Villager (Male) |
| 13:54 | Build | Farm |
| 14:06 | Queue | Villager (Male) |
| 14:22 | Build | Siege Workshop |
| 14:25 | Queue | Villager (Male) |
| 14:26 | Queue | Villager (Male) |
| 14:38 | Queue | Villager (Male) |
| 14:48 | Queue | Villager (Male) |
| 14:51 | Build | Farm |
| 14:54 | Build | Farm |
| 14:57 | Build | Farm |
| 15:01 | Build | Farm |
| 15:01 | Queue | Villager (Male) |
| 15:05 | Build | Farm |
| 15:08 | Queue | Villager (Male) |
| 15:14 | Build | House |
| 15:20 | Build | House |
| 15:26 | Queue | Villager (Male) |
| 15:44 | Queue | Villager (Male) |
| 15:56 | Build | Barracks |
| 16:07 | Queue | Villager (Male) |
| 16:15 | Queue | Villager (Male) |
| 16:18 | Queue | Villager (Male) |
| 16:33 | Build | Market |
| 16:39 | Queue | Villager (Male) |
| 16:41 | Build | Farm |
| 16:42 | Build | Farm |
| 16:47 | Build | Farm |
| 16:49 | Build | House |
| 16:51 | Queue | Villager (Male) |
| 16:55 | Build | Farm |
| 16:57 | Queue | Villager (Male) |
| 17:14 | Build | Stable |
| 17:20 | Queue | Villager (Male) |
| 17:24 | Queue | Villager (Male) |
| 17:25 | Build | House |
| 17:41 | Build | Farm |
| 17:43 | Build | Farm |
| 17:52 | Queue | Villager (Male) |
| 17:53 | Queue | Villager (Male) |
| 17:57 | Build | Farm |
| 18:05 | Queue | Spearman |
| 18:11 | Queue | Villager (Male) |
| 18:18 | Build | Farm |
| 18:20 | Build | Farm |
| 18:23 | Build | Farm |
| 18:30 | Research | Castle Age |
| 18:35 | Queue | Battering Ram |
| 18:43 | Queue | Villager (Male) |
| 18:50 | Queue | Villager (Male) |
| 18:59 | Build | Siege Workshop |
| 19:04 | Research | Gold Mining |
| 19:13 | Queue | Villager (Male) |
| 19:19 | Queue | Battering Ram |
| 19:38 | Queue | Villager (Male) |
| 19:44 | Queue | Battering Ram |
| 19:52 | Queue | Battering Ram |
| 20:01 | Queue | Villager (Male) |
| 20:03 | Build | House |
| 20:06 | Build | House |
| 20:11 | Queue | Villager (Male) |
| 20:15 | Build | Mining Camp |
| 20:16 | Queue | Villager (Male) |
| 20:19 | Queue | Villager (Male) |
| 20:29 | Build | House |
| 20:30 | Build | House |
| 20:31 | Build | House |
| 20:31 | Build | House |
| 20:44 | Queue | Battering Ram |
| 21:10 | Age | Castle Age |
| 21:11 | Research | Capped Ram (upgrade) |
| 21:13 | Queue | Villager (Male) |
| 21:18 | Research | Bow Saw |
| 21:20 | Research | Heavy Plow |
| 21:22 | Research | Wheelbarrow |
| 21:23 | Queue | Villager (Male) |
| 21:31 | Build | Farm |
Match timeline
| 9:15 | nicolas.munoz8 · first_building Barracks |
| 9:32 | OlandsHrrant · age_up feudal |
| 9:33 | OlandsHrrant · wall_segment Palisade Wall x1 |
| 9:41 | Miles_WithFriends · age_up feudal |
| 10:56 | Confucius_IYI · age_up feudal |
| 10:56 | gato · age_up feudal |
| 11:17 | nashrock85 · wall_segment Palisade Wall x1 |
| 11:24 | nashrock85 · age_up feudal |
| 11:24 | CTM | Crawly94 · age_up feudal |
| 11:27 | nicolas.munoz8 · age_up feudal |
| 11:28 | Conde Chekula · age_up feudal |
| 13:20 | Conde Chekula · first_market_buy 100 food |
| 13:52 | nicolas.munoz8 · first_building Stable |
| 14:22 | Miles_WithFriends · first_building Siege Workshop |
| 14:26 | gato · age_up castle |
| 14:34 | nashrock85 · first_building Barracks |
| 14:41 | Confucius_IYI · age_up castle |
| 14:50 | Confucius_IYI · first_building Monastery |
| 14:55 | CTM | Crawly94 · age_up castle |
| 15:15 | nicolas.munoz8 · age_up castle |
| 15:56 | Miles_WithFriends · first_building Barracks |
| 16:00 | OlandsHrrant · wall_segment Stone Wall x1 |
| 16:13 | Conde Chekula · age_up castle |
| 16:17 | Conde Chekula · first_building Castle |
| 16:56 | CTM | Crawly94 · first_building Monastery |
| 16:58 | Confucius_IYI · first_building Siege Workshop |
| 17:06 | nashrock85 · first_market_sell 100 wood |
| 17:14 | Miles_WithFriends · first_building Stable |
| 17:53 | Conde Chekula · first_building Siege Workshop |
| 17:53 | Confucius_IYI · first_market_sell 100 stone |
| 18:03 | CTM | Crawly94 · first_market_buy 100 food |
| 18:04 | nashrock85 · first_market_buy 100 stone |
| 18:14 | nicolas.munoz8 · first_building Monastery |
| 19:33 | Conde Chekula · first_building Barracks |
| 19:55 | OlandsHrrant · first_building Barracks |
| 20:03 | CTM | Crawly94 · first_building Barracks |
| 20:26 | Conde Chekula · first_market_sell 100 stone |
| 20:37 | nashrock85 · resign |
| 21:01 | Confucius_IYI · first_building Barracks |
| 21:10 | Miles_WithFriends · age_up castle |
| 21:31 | CTM | Crawly94 · first_building Stable |
| 22:06 | CTM | Crawly94 · first_building Siege Workshop |
| 22:10 | CTM | Crawly94 · first_building Castle |
| 22:25 | gato · first_building Barracks |
[ AI ANALYSIS · 1 CREDIT ]
What really happened in this match?
Wolo.gg analyzes every decision: build order, eco, micro, common mistakes by bracket. Personalized analysis on WhatsApp or Discord in 30 seconds.
Civ guide
Georgians
Perfil
Jugador #20107364